 Dungeon Crawl Stone Soup version 0.26.0-41-g79a4fc7684 (webtiles) character file.

Game seed: 7825432300164367127

6716 teolandon225 the Unseen (level 10, -14/44 HPs)
             Began as a Spriggan Enchanter on Jan 26, 2021.
             Was a Priest of Dithmenos.
             Demolished by a white ugly thing (33 damage)
             ... on level 9 of the Dungeon.
             The game lasted 00:26:56 (16554 turns).

teolandon225 the Unseen (Spriggan Enchanter)       Turns: 16554, Time: 00:26:56

Health: -14/44     AC: 10    Str:  4    XL:     10   Next: 74%
Magic:  13/15      EV: 26    Int: 20    God:    Dithmenos [***...]
Gold:   673        SH:  0    Dex: 17    Spells: 3/14 levels left

rFire    . . .     SeeInvis +   A - +0 dagger (speed)
rCold    . . .     Faith    +   (shield restricted)
rNeg     . . .     Spirit   .   s - +2 robe
rPois    +         Reflect  .   (helmet restricted)
rElec    .         Harm     .   g - +1 cloak
rCorr    .         Rampage  .   (gloves unavailable)
Will     +....                  (boots unavailable)
Stlth    +++++++++.             d - amulet of faith
HPRegen  0.14/turn              y - ring of poison resistance
MPRegen  0.14/turn              f - +4 ring of protection

@: wreathed by umbra, very quick
A: very small, unfitting armour, see invisible, speed 3
a: Renounce Religion, Shadow Step


You were on level 9 of the Dungeon.
You worshipped Dithmenos.
Dithmenos was most pleased with you.
You visited 2 branches of the dungeon, and saw 11 of its levels.

You collected 673 gold pieces.

Inventory:

Hand Weapons
 a - a +1 dagger
 A - a +0 dagger of speed (weapon)
Armour
 b - a +0 robe
 g - a +1 cloak (worn)
 s - a +2 robe (worn)
Jewellery
 d - an amulet of faith (around neck)
 e - an uncursed ring of wizardry
 f - a +4 ring of protection (right hand)
 v - an uncursed ring of positive energy
 w - an uncursed ring of protection from cold {unknown}
 y - a ring of poison resistance (left hand)
Wands
 t - a wand of paralysis (9)
 C - a wand of polymorph (5)
Scrolls
 i - a scroll of identify
 m - a scroll of fear
 o - a scroll of enchant armour
 x - a scroll of teleportation
 z - 3 scrolls of blinking
 B - a scroll of amnesia
Potions
 c - 3 potions of curing
 h - 2 potions of invisibility
 j - a potion of magic
 k - 3 potions of haste
 l - 2 potions of might
 n - 2 potions of attraction
 p - a potion of brilliance
 q - a potion of flight
 r - a potion of resistance
 u - 3 potions of lignification
 D - 5 potions of ambrosia {unknown}


   Skills:
 - Level 1.1 Short Blades
 + Level 10.5 Dodging
 * Level 15.4 Stealth
 - Level 2.6 Spellcasting
 * Level 12.3 Hexes
 - Level 5.0 Translocations


You had 3 spell levels left.
You knew the following spells:

 Your Spells              Type           Power        Failure   Level
a - Blink                 Tloc           N/A          2%          2
e - Tukima's Dance        Hex            51%          1%          3
q - Ensorcelled Hibernat  Hex/Ice        54%          1%          2
r - Corona                Hex            56%          1%          1
w - Confusing Touch       Hex            51%          1%          3

Your spell library contained the following spells:

 Spells                   Type           Power        Failure   Level
 Slow                     Hex            51%          1%          2
 Dazzling Flash           Conj/Hex       54%          3%          3
 Summon Guardian Golem    Hex/Summ       27%          3%          3
 Magic Dart               Conj           8%           14%         1
 Summon Small Mammal      Summ           8%           14%         1
 Call Imp                 Summ           2%           22%         2
 Searing Ray              Conj           4%           22%         2
 Call Canine Familiar     Summ           2%           41%         3
 Conjure Flame            Conj/Fire      2%           41%         3
 Mephitic Cloud           Conj/Pois/Air  2%           41%         3
 Cause Fear               Hex            25%          1%          4
 Fulminant Prism          Conj/Hex       13%          12%         4
 Silence                  Hex/Air        13%          32%         5
 Yara's Violent Unravell  Hex/Tmut       13%          32%         5
 Iskenderun's Mystic Bla  Conj/Tloc      12%          45%         4
 Summon Ice Beast         Ice/Summ       2%           82%         4
 Summon Lightning Spire   Summ/Air       2%           82%         4
 Discord                  Hex            25%          99%         8


Dungeon Overview and Level Annotations

Branches:
Dungeon (10/15)            Temple (1/1) D:5            Lair (0/6) D:8
    Orc (0/2) D:9

Altars:
Ashenzari
Cheibriados
Dithmenos
Elyvilon
Fedhas
Gozag
Hepliaklqana
Kikubaaqudgha
Makhleb
Nemelex Xobeh
Okawaru
Qazlal
Ru
Sif Muna
Trog
Uskayaw
Vehumet
Wu Jian
Xom
Yredelemnul
Zin
The Shining One
Beogh

Annotations:
D:5 3 runed translucent doors, Hehehe's ghost, novice DECj
D:8 exclusion: downstairs


Innate Abilities, Weirdness & Mutations

You are very small and have problems with some larger weapons.
You are too small for most types of armour.
You have supernaturally acute eyesight. (SInv)
You cover ground extremely quickly.


Message History

The white ugly thing tail-slaps you! The white ugly thing freezes you!
You hit the white ugly thing but do no damage.
The white ugly thing barely misses you.
You hit the white ugly thing but do no damage.
You hit the white ugly thing.
The white ugly thing is lightly wounded.
The white ugly thing misses you.
You hit the white ugly thing.
The white ugly thing is lightly wounded.
You hit the white ugly thing.
The white ugly thing is lightly wounded.
You hit the white ugly thing but do no damage.
The white ugly thing is lightly wounded.
You barely miss the white ugly thing.
The white ugly thing is lightly wounded.
You hit the white ugly thing but do no damage.
The white ugly thing is lightly wounded.
The white ugly thing tail-slaps you. The white ugly thing freezes you!!
Ouch! That really hurt!
You die...

........#.###..###.#####.....#
######.....................### ##
#.##..###.##.#####..### .#
#..##.# #....#####.># .# ##..#.#
##.......#..######## .## ##.#.#
#..####.....##......
..######...###.#####.#.#.........
.........................##......
........##......@................
..##....##....##u.........#......
..##..........##..........#......
...................##.....#######
...................##....##
.........................#
.........................#
.....................##..#
..........>..........##..#


You could see a white ugly thing (confused).

Vanquished Creatures
  Erica (D:8)
  A komodo dragon (D:8)
  A queen bee (D:9)
  2 trolls (D:8)
  3 yaks (D:9)
  A warg (D:9)
  3 orc warriors
  4 phantoms
  An ice beast (D:8)
  3 ogres
  3 centaurs
  A big kobold (D:6)
  6 bullfrogs
  3 scorpions
  23 killer bees
  8 wights
  3 howler monkeys
  A centaur zombie (D:6)
  A quasit (D:7)
  4 hounds
  A bullfrog zombie (D:8)
  A gnoll shaman (D:5)
  A jelly (D:5)
  9 orc wizards
  8 orc priests
  2 centaur skeletons
  2 iguanas
  4 worker ants
  A hound skeleton (D:4)
  A worker ant zombie (D:7)
  A howler monkey skeleton (D:8)
  9 gnolls
  8 adders
  A shadow imp (D:9)
  5 white imps
  An ufetubus (D:5)
  3 oozes
  2 adder skeletons (D:4)
  2 worms
  6 leopard geckos
  34 orcs
  2 ball pythons
  4 giant cockroaches
  8 goblins
  10 hobgoblins
  7 jackals
  6 quokkas
  7 bats
  3 frilled lizards
  13 kobolds
  A quokka zombie (D:7)
  10 rats
246 creatures vanquished.

Vanquished Creatures (collateral kills)
  4 wights
4 creatures vanquished.

Vanquished Creatures (others)
  4 plants (D:8)
4 creatures vanquished.

Grand Total: 254 creatures vanquished

Notes
Turn   | Place    | Note
-------+----------+-------------------------------------------
     0 | D:1      | teolandon225 the Spriggan Enchanter began the quest for the
                  | Orb.
     0 | D:1      | Reached XP level 1. HP: 9/9 MP: 5/5
   309 | D:1      | Reached XP level 2. HP: 13/13 MP: 6/6
   312 | D:1      | Learned a level 2 spell: Ensorcelled Hibernation
   402 | D:1      | Reached skill level 5 in Stealth
  1335 | D:1      | Reached XP level 3. HP: 16/16 MP: 2/8
  1470 | D:2      | Found a faded altar of an unknown god.
  2393 | D:3      | Reached XP level 4. HP: 21/21 MP: 4/9
  2479 | D:3      | Found a hazy altar of Hepliaklqana.
  2480 | D:3      | Found an opulent altar of Gozag.
  2496 | D:3      | Reached skill level 6 in Stealth
  2574 | D:3      | Found a glowing silver altar of Zin.
  2826 | D:3      | Found a basalt altar of Yredelemnul.
  2826 | D:3      | Found a hide-covered altar of Uskayaw.
  2827 | D:3      | Found an ancient bone altar of Kikubaaqudgha.
  2827 | D:3      | Found a bloodstained altar of Trog.
  2829 | D:3      | Found a stormy altar of Qazlal.
  2831 | D:3      | Found a sacrificial altar of Ru.
  2918 | D:3      | Reached skill level 5 in Hexes
  2983 | D:3      | Found a bloodstained altar of Trog.
  3390 | D:3      | Reached XP level 5. HP: 24/24 MP: 10/10
  4245 | D:4      | Learned a level 1 spell: Corona
  4249 | D:4      | Learned a level 3 spell: Confusing Touch
  4253 | D:4      | Learned a level 3 spell: Tukima's Dance
  4292 | D:4      | Reached skill level 7 in Stealth
  4633 | D:4      | Noticed a phantom
  4731 | D:4      | Killed a phantom
  4732 | D:4      | Reached skill level 5 in Dodging
  4732 | D:4      | Reached XP level 6. HP: 18/28 MP: 4/11
  4886 | D:4      | Reached skill level 8 in Stealth
  5327 | D:5      | Entered Level 5 of the Dungeon
  5388 | D:5      | Found a staircase to the Ecumenical Temple.
  5399 | Temple   | Entered the Ecumenical Temple
  5630 | Temple   | Became a worshipper of Dithmenos the Shadowed
  5789 | D:5      | Reached XP level 7. HP: 32/32 MP: 6/12
  6550 | D:5      | Reached skill level 9 in Stealth
  7638 | D:5      | Found an opulent altar of Gozag.
  7757 | D:5      | Found a runed translucent gate.
  7757 | D:5      | Found a runed translucent gate.
  7758 | D:5      | Found a runed translucent gate.
  7760 | D:5      | Noticed Hehehe's ghost (novice DECj)
  7763 | D:5      | Found a roughly hewn altar of Beogh.
  8139 | D:6      | Learned a level 2 spell: Blink
  8362 | D:6      | Reached skill level 10 in Stealth
  8362 | D:6      | Reached skill level 1 in Translocations
  8409 | D:6      | Reached XP level 8. HP: 29/36 MP: 1/13
  9297 | D:7      | Reached skill level 11 in Stealth
  9770 | D:7      | Reached * piety under Dithmenos
 10266 | D:6      | Reached XP level 9. HP: 39/39 MP: 11/14
 11024 | D:8      | Noticed Erica
 11043 | D:8      | Killed Erica
 11044 | D:8      | Reached skill level 12 in Stealth
 11044 | D:8      | Reached skill level 10 in Hexes
 11044 | D:8      | Reached skill level 5 in Translocations
 11116 | D:8      | Found a staircase to the Lair.
 11117 | D:8      | Noticed a komodo dragon
 11845 | D:8      | Reached skill level 13 in Stealth
 11907 | D:8      | Reached ** piety under Dithmenos
 12307 | D:8      | Killed a komodo dragon
 12374 | D:9      | Noticed a queen bee
 13220 | D:9      | Noticed a troll
 13243 | D:8      | Reached XP level 10. HP: 44/44 MP: 8/15
 13464 | D:9      | Reached skill level 14 in Stealth
 14000 | D:9      | Found a staircase to the Orcish Mines.
 14259 | D:9      | Reached *** piety under Dithmenos
 14260 | D:9      | Reached skill level 10 in Dodging
 15098 | D:9      | Reached skill level 15 in Stealth
 15961 | D:10     | Entered Level 10 of the Dungeon
 16151 | D:10     | Noticed a white ugly thing
 16554 | D:9      | Demolished by a white ugly thing

Illustrated notes

Levels and vault maps discovered:
D:1:      elethiomel_arrival_maze, layout_loops_ring,
          chequers_serial_rivers_large_b
D:2:      layout_basic, chequers_ecumenical_altar_simple
D:3:      layout_basic, minitemple, trog_butcher_becter
D:4:      layout_gridville, glass_columns_c, minmay_surrounded
D:5:      layout_basic, temple_green, biasface_ghost_orc_armoury,
          nicolae_gozag_cash_rules_everything_around_me
D:6:      layout_cave_pools
D:7:      layout_layer_cave
D:8:      layout_loops_ring, david_lair_shrubbed, uniq_erica
D:9:      layout_rooms, erik_orc_4, special_room [special_room_bee]
D:10:     layout_basic, uniq_urug, uniq_fannar
Temple:   nicolae_temple_figure_eight

Skill      XL: |  1  2  3  4  5  6  7  8  9 10 |
---------------+-------------------------------+-----
Hexes          | 4 5 6 7 9 11 12 | 12.3
Stealth        | 5 6 7 8 10 11 13 15 | 15.4
Dodging        | 4 5 6 7 9 10 | 10.5
Translocations | 1 4 5 |  5.0
Short Blades   | |  1.1
Spellcasting   | |  2.6

Action                   |  1- 3 |  4- 6 |  7- 9 | 10-12 || total
-------------------------+-------+-------+-------+-------++-------
Melee: Dagger            |    98 |   114 |   258 |   134 ||   604
 Cast: Corona            |     2 |       |       |       ||     2
       Ensorcelled Hiber |    45 |    60 |   107 |    74 ||   286
       Confusing Touch   |       |     5 |    22 |     8 ||    35
       Tukima's Dance    |       |       |    13 |       ||    13
  Use: Scroll            |       |    12 |    12 |     1 ||    25
       Potion            |       |       |     1 |     3 ||     4
 Stab: Sleeping          |    42 |    47 |    72 |    46 ||   207
       Confused          |       |     7 |    23 |     6 ||    36
       Distracted        |       |       |     1 |       ||     1
       Invisible         |       |       |       |     1 ||     1
Armor: Robe              |    17 |    10 |    25 |    11 ||    63
Dodge: Dodged            |   119 |    91 |   229 |   250 ||   689
